 Dungeon Crawl Stone Soup version 0.18-a0-316-gf882de5 (webtiles) character file.

83 Raultor the Changer (level 4, 0/28 HPs)
             Began as an Octopode Transmuter on Nov 27, 2015.
             Was an Initiate of Makhleb.
             Slain by a jackal (1 damage)
             ... on level 2 of the Dungeon.
             The game lasted 00:04:11 (1904 turns).

Raultor the Changer (Octopode Transmuter)           Turns: 1904, Time: 00:04:11

Health: 0/28       AC:  1    Str:  9    XL:     4   Next: 44%
Magic:  7/7        EV: 12    Int: 15    God:    Makhleb [......]
Gold:   76         SH:  0    Dex: 13    Spells: 2 memorised, 2 levels left

rFire  . . .     SeeInvis .       - Unarmed
rCold  . . .     Clarity  .     (no shield)
rNeg   . . .     SustAt   .     (helmet restricted)
rPois  .         Gourm    .     (no amulet)
rElec  .         Spirit   .     (no ring)
rCorr  .         Warding  .     (no ring)
rMut   .         Stasis   .     (no ring)
MR     .....                    (no ring)
Stlth  ++........               (no ring)
                                (no ring)
                                (no ring)
                                (no ring)

@: not resistant to hostile enchantments, unstealthy
A: almost no armour, amphibious, 8 rings, constrict 8, camouflage 1, gelatinous
body 1
a: Renounce Religion


You were on level 2 of the Dungeon.
You worshipped Makhleb.
Makhleb was noncommittal.
You were not hungry.

You visited 1 branch of the dungeon, and saw 3 of its levels.

You collected 76 gold pieces.

Inventory:

Missiles
 a - 60 arrows
 j - 3 steel javelins (quivered)
Scrolls
 d - a scroll of recharging {unknown}
 p - a scroll of remove curse {unknown}
 q - 2 scrolls of immolation {unknown}
 r - a scroll of amnesia {unknown}
 t - a scroll of blinking {unknown}
 u - a scroll of enchant armour {unknown}
Potions
 e - a potion of cancellation {unknown}
 f - 2 potions of haste {unknown}
 g - 2 potions of curing {unknown}
 h - 2 potions of agility {unknown}
 i - a potion of resistance {unknown}
 k - a potion of degeneration {unknown}
 o - a potion of flight {unknown}
 v - a potion of berserk rage {unknown}
Books
 b - a book of Changes

   Spells                             Type                      Level
   a - Beastly Appendage              Transmutation                1
   b - Sticks to Snakes               Transmutation                2
   c - Spider Form                    Transmutation/Poison         3
   d - Ice Form                       Ice/Transmutation            4
   e - Blade Hands                    Transmutation                5
Comestibles
 c - 2 bread rations
 l - 2 royal jellies
 m - a fruit
 n - a meat ration


   Skills:
 - Level 1.0 Fighting
 - Level 2.0 Dodging
 - Level 3.0 Unarmed Combat
 - Level 2.0 Spellcasting
 - Level 4.1 Transmutations
 + Level 1.5 Ice Magic


You had 2 spell levels left.
You knew the following spells:

 Your Spells              Type           Power        Failure   Level  Hunger
a - Beastly Appendage     Trmt           ##....       4%          1    #......
b - Ice Form              Ice/Trmt       #.......     78%         4    #####..


Dungeon Overview and Level Annotations

Branches:
Dungeon (3/15)

Altars:
Makhleb
Qazlal

Annotations:
D:3 Jessica


Innate Abilities, Weirdness & Mutations

You cannot wear most types of armour.
You are amphibious.
You can wear up to eight rings at the same time.
You can use your tentacles to constrict eight enemies at once.
Your skin changes colour to match your surroundings (Stealth).
Your rubbery body absorbs attacks (AC +1).


Message History

You grab the jackal. You squeeze the jackal.
The jackal is severely wounded.
You constrict the jackal, but do no damage.
The jackal bites you.
* * * LOW HITPOINT WARNING * * *
You tentacle-slap the jackal.
You kill the jackal!
Makhleb accepts your kill.
A jackal comes into view.
You closely miss the jackal.
The jackal barks!
Your grab misses the jackal. The jackal closely misses you.
The jackal barely misses you.
You tentacle-slap the jackal. Your grab misses the jackal.
The jackal is heavily wounded.
The jackal barely misses you.
You tentacle-slap the jackal. Your grab misses the jackal.
The jackal is heavily wounded.
The jackal bites you.
You die...

## #..##.##..........#
.## #..##.##..........#
..## #..##..#..........#
...###..###.#####..#####
.........##.# #..#
.........##.#########
.........##.........#
..##........#.......#
.###.....##(h).h@.>.# ##
#.....####....)..# #
#.....# #.......#
####### #.......#
#########


You could see 2 jackals.

Vanquished Creatures
  2 adders (D:2)
  An ooze (D:1)
  A worm (D:2)
  3 giant geckos
  2 orcs (D:2)
  3 giant cockroaches
  6 goblins
  7 hobgoblins
  5 jackals (D:2)
  A ball python (D:1)
  8 bats
  2 giant newts (D:1)
  2 kobolds (D:1)
  5 rats
48 creatures vanquished.

Notes
Turn   | Place    | Note
--------------------------------------------------------------
     0 | D:1      | Raultor the Octopode Transmuter began the quest for the Orb.
     0 | D:1      | Reached XP level 1. HP: 13/13 MP: 3/3
    78 | D:1      | Reached XP level 2. HP: 18/18 MP: 5/5
   733 | D:1      | Reached XP level 3. HP: 21/23 MP: 6/6
  1129 | D:2      | Reached skill level 4 in Transmutations
  1272 | D:2      | Reached XP level 4. HP: 23/28 MP: 7/7
  1278 | D:2      | Learned a level 4 spell: Ice Form
  1427 | D:2      | Reached skill level 1 in Ice Magic
  1526 | D:3      | Noticed Jessica
  1675 | D:3      | Found a burning altar of Makhleb.
  1679 | D:3      | Became a worshipper of Makhleb the Destroyer
  1692 | D:3      | Found a stormy altar of Qazlal.
  1884 | D:3      | HP: 1/28 [orc/falchion of electrocution (17)]
  1900 | D:2      | HP: 1/28 [jackal (2)]
  1904 | D:2      | Slain by a jackal

Vault maps used:
D:1:      lightli_arrival_boilingwater
D:3:      nicolae_overflow_quartered_altars, uniq_jessica

Action                   |  1- 3 |  4- 6 || total
-------------------------+-------+-------++-------
Melee: Unarmed           |    64 |    45 ||   109
Throw: Javelin           |     2 |     4 ||     6
 Stab: Sleeping          |     7 |     3 ||    10
  Eat: Chunk             |     1 |     1 ||     2
       Fruit             |       |     1 ||     1
